cohdb
Replays
Latest Replays
All Replays
Popular Replays
Top Player Replays
Match Explorer
How It Works
Community
CoH3 Stats
Reddit
Sign in to upload your games and track your stats! →
Sign in with Steam
Match 41846940
Unlisted
Match 41846940
Overview
Messages
Build Orders
End
Vickers Machine Gun Team
Construct Section Command Post
Dingo Light Scout Car
Selects Air and Sea Battlegroup
Infantry Section
Infantry Section
Selects Supply Surplus
Dingo Light Scout Car
Construct Platoon Command Post
Construct Resource Cache
Humber Armored Car
Humber Armored Car
Humber Armored Car
Selects Commando Section Paradrop
Selects Commando Support Section Paradrop
Royal Engineer Section
Commando Support Section Paradrop
Selects Incendiary Bombing Run
Incendiary Bombing Run
Construct Company Command Post
ドルーギー
用冈本算不算穿和服
不屈之莱恩
Klaudio75
KampFTrikeR
諾爾斯
kenleung
nateums
0
0
Comments
sign in to comment!
No comments posted yet!